 Dungeon Crawl Stone Soup version 0.22-a0-480-g991dd4b (webtiles) character file.

232 epen the Ruffian (level 6, -5/43 HPs)
             Began as an Octopode Fighter on June 17, 2018.
             Killed from afar by a white imp (8 damage)
             ... with a puff of frost
             ... summoned by Natasha
             ... on level 3 of the Dungeon.
             The game lasted 00:03:44 (2454 turns).

epen the Ruffian (Octopode Fighter)                 Turns: 2454, Time: 00:03:44

Health: -5/43      AC:  1    Str: 16    XL:     6   Next: 4%
Magic:  6/6        EV: 15    Int: 10    God:
Gold:   185        SH:  0    Dex: 13    Spells: 5/5 levels left

rFire    . . .     SeeInvis .   e - +2 dagger (freeze)
rCold    . . .     Gourm    .   (no shield)
rNeg     + . .     Faith    .   (helmet restricted)
rPois    .         Spirit   .   (no amulet)
rElec    .         Reflect  .   g - ring of positive energy
rCorr    .         Harm     .   (no ring)
MR       .....                  (no ring)
Stlth    ++........             (no ring)
HPRegen  0.14/turn              (no ring)
MPRegen  0.10/turn              (no ring)
                                (no ring)
                                (no ring)

@: no status effects
A: almost no armour, stealthy swim, amphibious, 8 rings, constrict 8, camouflage
1, gelatinous body 1
a: no special abilities


You were on level 3 of the Dungeon.
You were not hungry.

You visited 1 branch of the dungeon, and saw 4 of its levels.

You collected 185 gold pieces.

Inventory:

Hand Weapons
 e - a +2 dagger of freezing (weapon)
Armour
 a - a +0 shield
Jewellery
 g - a ring of positive energy (left tentacle)
 l - an uncursed amulet of regeneration {unknown}
Wands
 m - a wand of flame (31)
Scrolls
 d - 3 scrolls of enchant armour {unknown}
 f - 2 scrolls of remove curse {unknown}
 j - 3 scrolls of random uselessness {unknown}
 k - 3 scrolls of teleportation {unknown}
 n - a scroll of enchant weapon {unknown}
Potions
 b - 3 potions of might
 h - a potion of curing {unknown}
 i - 2 potions of heal wounds {unknown}
 o - a potion of berserk rage {unknown}
Comestibles
 c - 10 rations
 p - 2 chunks of flesh


   Skills:
 + Level 4.1 Fighting
 + Level 4.1 Dodging
 - Level 3.0 Shields
 * Level 4.5 Unarmed Combat


You had 5 spell levels left.
You didn't know any spells.
Your spell library was empty.

Dungeon Overview and Level Annotations

Branches:
Dungeon (4/15)
 Temple: D:4-7

Altars:
Okawaru
Qazlal

Annotations:
D:3 Natasha, Terence


Innate Abilities, Weirdness & Mutations

You cannot wear most types of armour.
You are very stealthy in the water. (Stealth+)
You are amphibious.
You can wear up to eight rings at the same time.
You can use your tentacles to constrict eight enemies at once.
Your skin changes colour to match your surroundings (Stealth+).
Your rubbery body absorbs attacks. (AC +1, EV +1)


Message History

Natasha mumbles some strange words.
The crimson imp blinks!
You hit Robin. You freeze Robin. You grab Robin. You squeeze Robin!
Robin is severely wounded.
You constrict Robin. Robin misses you. The white imp hits you.
* * * LOW HITPOINT WARNING * * *
The white imp freezes you.
* * * LOW HITPOINT WARNING * * *
You hit Robin but do no damage.
You kill Robin!
You have reached level 6!
Your experience leads to an increase in your attributes!
Increase (S)trength, (I)ntelligence, or (D)exterity?
You feel agile. Natasha casts a spell at you. The magic dart hits you!
* * * LOW HITPOINT WARNING * * *
The white imp gestures at you. The puff of frost hits you!
You die...

#........ #........
#####....<...
#######............ #
.........)..........###
###..).....########... .
#........#### ... ..
#..)(<......###.# ...
#........##.#5@.#. ....
#......[.##.#)###.### .....
#....((..##()h.g....#..[...
########....)###...>..#
###ยง...g...##.##
#..###...## ... #..##


#ggg# ?...# ...# #g.h.. ....l. #### #...#..._.....# You could see Natasha and a
white imp.

Vanquished Creatures
  An orc priest (D:3)
  Jessica (D:3)
  Natasha (D:3)
  Robin (D:3)
  3 gnolls (D:2)
  2 adders (D:3)
  2 worms (D:2)
  4 dart slugs
  5 leopard geckos
  4 orcs
  A giant cockroach (D:1)
  14 goblins
  8 hobgoblins
  4 jackals (D:1)
  3 quokkas
  A ball python (D:1)
  3 bats (D:2)
  7 frilled lizards
  2 kobolds
  6 rats
73 creatures vanquished.

Notes
Turn   | Place    | Note
-------+----------+-------------------------------------------
     0 | D:1      | epen the Octopode Fighter began the quest for the Orb.
     0 | D:1      | Reached XP level 1. HP: 16/16 MP: 1/1
   158 | D:1      | Reached XP level 2. HP: 19/21 MP: 2/2
   560 | D:1      | Reached XP level 3. HP: 26/26 MP: 3/3
   912 | D:2      | You fall through a shaft for 2 floors!
  1132 | D:3      | Found an iron altar of Okawaru.
  1132 | D:3      | Noticed Robin
  1264 | D:3      | Noticed Natasha
  1273 | D:3      | Killed Natasha
  1273 | D:3      | Reached XP level 4. HP: 14/31 MP: 4/4
  1499 | D:3      | Noticed Jessica
  1502 | D:3      | Killed Jessica
  1611 | D:3      | Found a stormy altar of Qazlal.
  1624 | D:3      | Noticed Terence
  1662 | D:2      | Reached XP level 5. HP: 33/37 MP: 5/5
  2438 | D:3      | Noticed Natasha
  2454 | D:3      | Killed Robin
  2454 | D:3      | Reached XP level 6. HP: 11/43 MP: 6/6
  2454 | D:3      | Killed from afar by a white imp

Vault maps used:
D:1:      minmay_arrival_nine_rooms
D:3:      grunt_temple_overflow_open, uniq_terence, uniq_jessica, uniq_robin,
          uniq_natasha
D:4:      first_ration

Skill      XL: |  1  2  3  4  5 |
---------------+----------------+-----
Unarmed Combat | 3 4 |  4.5
Fighting       | 4 |  4.1
Dodging        | 4 |  4.1
Shields        | |  3.0

Action                   |  1- 3 |  4- 6 || total
-------------------------+-------+-------++-------
Melee: Dagger            |    53 |    73 ||   126
       Constrict         |    13 |    22 ||    35
       Unarmed           |     3 |       ||     3
       Tentacles         |     7 |    17 ||    24
       Punch             |       |     1 ||     1
 Stab: Sleeping          |    10 |     3 ||    13
       Distracted        |       |     1 ||     1
  Eat: Chunk             |     1 |     4 ||     5
Armor: Skin              |     1 |     4 ||     5
Dodge: Dodged            |    35 |    36 ||    71

Table legend:
 A = Spawn XP
 B = Non-spawn XP
 C = Spawn XP percentage of total XP
 D = Spawn monster count
 E = Non-spawn monster count
 F = Spawn count percentage of total count
 G = Total turns spent on level
                    A         B        C        D         E        F      G
               +---------+---------+-------+---------+---------+-------+---------
         Total |       0 |     332 |   0.0 |       0 |      73 |   0.0 |  2454
               +---------+---------+-------+---------+---------+-------+---------
           D:1 |       0 |      36 |   0.0 |       0 |      20 |   0.0 |   752
           D:2 |       0 |      90 |   0.0 |       0 |      25 |   0.0 |   810
           D:3 |       0 |     197 |   0.0 |       0 |      24 |   0.0 |   566
           D:4 |       0 |       9 |   0.0 |       0 |       4 |   0.0 |   326
               +---------+---------+-------+---------+---------+-------+---------
